 Dungeon Crawl Stone Soup version 0.15-a0-1296-g539d7c4 (console) character file.

442 gw the Cudgeler (level 7, 0/74 HPs)
             Began as an Ogre Berserker on June 7, 2014.
             Was a Priest of Trog.
             Slain by a big kobold
             ... wielding a +0,+0 whip
              (5 damage)
             ... on Level 4 of the Dungeon.
             The game lasted 00:02:08 (5925 turns).

gw the Cudgeler (Ogre Berserker)                    Turns: 5925, Time: 00:02:08

HP   0/74        AC  3     Str 23      XL: 7   Next:  2%
MP   7/7         EV 11     Int  6      God: Trog [***...]
Gold 0           SH  0     Dex 11      Spells:  0 memorised,  6 levels left

rFire  . . .     SeeInvis +     l - +0 giant club
rCold  . . .     Clarity  .     b - +0 animal skin
rNeg   . . .     rCorr    .     (shield restricted)
rPois  .         rRot     .     (helmet restricted)
rElec  .         Spirit   .     (no cloak)
SustAb .         Warding  .     (gloves unavailable)
rMut   .         Stasis   .     (boots unavailable)
Gourm  .                        (no amulet)
MR     ++...                    (no ring)
                                g - ring of see invisible

@: exhausted, regenerating, slowed, very slow, very resistant to hostile
enchantments, very unstealthy
A: unfitting armour, tough skin 1
a: Burn Spellbooks, Berserk, Trog's Hand, Renounce Religion


You were on level 4 of the Dungeon.
You worshipped Trog.
Trog was most pleased with you.
You were very hungry.

You visited 1 branch of the dungeon, and saw 4 of its levels.

Inventory:

Hand weapons
 l - a +0,+0 giant club (weapon)
Missiles
 h - 166 stones (quivered)
 i - 4 large rocks
Armour
 b - a +0 animal skin (worn)
Magical devices
 a - a wand of frost (12) {unknown}
 j - a wand of polymorph (12)
Comestibles
 c - a meat ration
 d - a beef jerky
 f - a royal jelly
 k - 4 bread rations
Scrolls
 e - a scroll of remove curse
 m - a scroll of identify {unknown}
Jewellery
 g - a ring of see invisible (left hand)
Potions
 n - a potion of curing {unknown}


   Skills:
 + Level 5.8 Fighting
 * Level 7.3 Maces & Flails
 + Level 3.1 Throwing
 + Level 3.7 Dodging


You had 6 spell levels left.
You didn't know any spells.

Dungeon Overview and Level Annotations

Branches:
Dungeon (4/15)
 Temple: D:4-7

Altars:
Gozag

Shops:
D:4 %*

Annotations:
D:3 Sigmund


Innate Abilities, Weirdness & Mutations

You are too large for most types of armour.
You have tough skin (AC +1).


Message History

ATTACKING (0,1)
You barely miss the big kobold.
The big kobold picks up a club.
The big kobold wields a club.
The gnoll hits you from afar with a spear!
The big kobold hits you but does no damage.
The hobgoblin hits you.
ATTACKING (0,1)
You barely miss the big kobold. The big kobold misses you.
The gnoll hits you but does no damage. The hobgoblin barely misses you.
ATTACKING (0,1)
You barely miss the big kobold. The big kobold closely misses you.
The gnoll closely misses you. The big kobold hits you with a club.
ATTACKING (0,1)
You closely miss the big kobold.
You are no longer berserk.
Trog's vigour flows through your veins.
You are exhausted.
You feel yourself slow down.
You are feeling very hungry.
The hobgoblin hits you. The big kobold hits you with a whip.
You die...

#####.##########..............
#.............................
#.............................
#~..~~~.~.~~.~.~.~~~.~~~~~.~~~
#~~~~~~~~~~~~~~~~~~~~~~~~~~~~~
#~~~~~~~~~~~~~~~~~~~~~~~~~~~~~
#~~~~~~~#####~~~~~~~~~~~~~~~~~
#~~~~~~~# ##################
#~~~~~~~# #OKg..(## ##.....#
#~~~~~~~# #Kgg....###......'
~~~~~# #Kg......#....)..#
#...K.......#........
#...........)).......
#...........#((......
#'##........#....(..# KK
#...$...###...())) #......##
##...)(#


You could see 2 big kobolds, 2 gnolls, a hobgoblin, a goblin and 2 kobolds.

Table legend:
 A = Turns spent in this place as a percentage of turns spent in the entire game.
 B = Non-inter-level travel turns spent in this place as a percentage of non-inter-level travel turns spent in the entire game.
 C = Inter-level travel turns spent in this place as a percentage of turns spent in this place.
 D = Turns resting spent in this place as a percentage of non-inter-level travel turns spent in this place.
 E = Turns spent auto-exploring this place as a percentage of non-inter-level travel turns spent in this place.
 F = Non-inter-level travel turns spent in this place divided by the number of levels of this place that you've seen.
                   A       B       C       D       E      F
               +-------+-------+-------+-------+-------+----------------------
         Total | 100.0 | 100.0 |   1.7 |  11.5 |  18.0 | 250.0
       Dungeon | 100.0 | 100.0 |   1.7 |  11.5 |  18.0 | 250.0
               +-------+-------+-------+-------+-------+----------------------

Table legend:
 A = Kills in this place as a percentage of kills in entire the game.
 B = Kills by you in this place as a percentage of kills by you in the entire game.
 C = Kills by friends in this place as a percentage of kills by friends in the entire game.
 D = Other kills in this place as a percentage of other kills in the entire game.
 E = Experience gained in this place as a percentage of experience gained in the entire game.
 F = Experience gained in this place divided by the number of levels of this place that you have seen.
                   A       B       C       D       E      F
               +-------+-------+-------+-------+-------+----------------------
         Total | 100.0 | 100.0 |  -nan |  -nan | 100.0 | 158.0
       Dungeon | 100.0 | 100.0 |  -nan |  -nan | 100.0 | 158.0
               +-------+-------+-------+-------+-------+----------------------

Vanquished Creatures
  An ogre (D:4)
  A big kobold (D:4)
  2 worker ants (D:4)
  Jessica (D:2)
  A gnoll (D:4)
  8 adders
  An inept feature mimic (D:2)
  5 worms (D:2)
  3 giant geckos (D:1)
  An orc (D:3)
  13 bats
  5 giant cockroaches
  23 goblins
  16 hobgoblins
  10 jackals
  2 kobolds
  A quokka (D:2)
  A ball python (D:2)
  5 giant newts
  12 rats
  A rat skeleton (D:4)
113 creatures vanquished.

Notes
Turn   | Place    | Note
--------------------------------------------------------------
     0 | D:1      | gw, the Ogre Berserker, began the quest for the Orb.
     0 | D:1      | Reached XP level 1. HP: 24/24 MP: 1/1
    25 | D:1      | Reached XP level 2. HP: 32/32 MP: 2/2
   877 | D:1      | Reached XP level 3. HP: 39/39 MP: 3/3
  1153 | D:1      | Paralysed by a potion of paralysis for 6 turns
  1227 | D:2      | Noticed Jessica
  1238 | D:2      | Killed Jessica
  1238 | D:2      | Reached skill level 5 in Maces & Flails
  1238 | D:2      | Reached skill level 1 in Throwing
  1559 | D:2      | Reached XP level 4. HP: 45/49 MP: 4/4
  2369 | D:2      | Acquired Trog's second power
  3059 | D:2      | Reached XP level 5. HP: 52/55 MP: 5/5
  3207 | D:2      | Reached skill level 5 in Fighting
  3549 | D:2      | Reached skill level 6 in Maces & Flails
  4259 | D:3      | Noticed Sigmund
  5171 | D:4      | Reached XP level 6. HP: 66/66 MP: 6/6
  5281 | D:4      | Noticed an ogre
  5282 | D:4      | Found Lusm's Food Shop.
  5288 | D:4      | Killed an ogre
  5490 | D:4      | Reached skill level 7 in Maces & Flails
  5595 | D:4      | Found an opulent altar of Gozag.
  5597 | D:4      | Found Gozag's Platinum Reserve.
  5898 | D:4      | Received a gift from Trog
  5921 | D:4      | Reached XP level 7. HP: 21/74 MP: 7/7
  5925 | D:4      | Slain by a big kobold

Action                   |  1- 3 |  4- 6 |  7- 9 || total
-------------------------+-------+-------+-------++-------
Melee: Mace              |    98 |   178 |       ||   276
       Giant club        |       |    50 |     4 ||    54
Throw: Stone             |    30 |   120 |       ||   150
Invok: Berserk           |     2 |     2 |       ||     4
       Trog's Hand       |       |     2 |       ||     2
Evoke: Wand              |       |     1 |       ||     1
  Use: Scroll            |     3 |     2 |       ||     5
       Potion            |     2 |     3 |       ||     5

Vault maps used:
D:1:      minmay_arrival_arboretum_small
D:2:      kennysheep_six_static_rooms, grunt_decor_resistance,
          minmay_misc_feat_iff, uniq_jessica
D:3:      first_bread, kennysheep_doodads, uniq_sigmund
D:4:      minmay_goblin_kobold_castle, serial_shops, shop,
          nicolae_gozag_zags_fifth_avenue
